 Dungeon Crawl Stone Soup version 0.29.1-2-gbd0b4ee654 (webtiles) character file.

Game seed: 15996429828151526303

30 hawla the Chiller (level 3, -7/39 HPs)
             Began as a Meteoran Ice Elementalist on Nov 30, 2022.
             Mangled by a hobgoblin
             ... wielding a staff of cold
              (8 damage)
             ... on level 3 of the Dungeon.
             The game lasted 00:03:21 (350 turns).

hawla the Chiller (Meteoran Ice Elementalist)        Turns: 350, Time: 00:03:21

Health: -7/39      AC:  2    Str:  9    XL:     3   Next: 58%
Magic:  3/8        EV: 13    Int: 18    God:
Gold:   133        SH:  0    Dex: 15    Spells: 4/8 levels left

rFire   . . .      SeeInvis .   (no weapon)
rCold   . . .      Faith    .   (no shield)
rNeg    . . .      Spirit   .   a - +0 robe
rPois   .          Reflect  .   (no helmet)
rElec   .          Harm     .   (no cloak)
rCorr   .          Rampage  .   (no gloves)
Will    .....                   (no boots)
Stlth   ..........              (no amulet)
HPRegen 0.13/turn               (no ring)
MPRegen 0.11/turn               (no ring)

@: berserking, hasted, glowing, very quick
A: sense surroundings 1, otherworldly, glowing, explore regen
a: no special abilities


You were on level 3 of the Dungeon.
You visited 1 branch of the dungeon, and saw 3 of its levels.

You collected 133 gold pieces.

Inventory:

Armour
 a - a +0 robe (worn)
Potions
 b - a potion of magic
 c - a potion of haste
 d - a potion of berserk rage


   Skills:
 + Level 2.9 Dodging
 - Level 1.4 Stealth
 + Level 3.4 Spellcasting
 + Level 4.9 Ice Magic


You had 4 spell levels left.
You knew the following spells:

 Your Spells              Type           Power      Damage    Failure   Level
a - Freeze                Ice            80%        1d9       1%          1
b - Frozen Ramparts       Ice            40%        1d7       6%          3

Your spell library contained the following spells:

 Spells                   Type           Power      Damage    Failure   Level
 Ozocubu's Armour         Ice            20%        N/A       6%          3
 Hailstorm                Conj/Ice       11%        3d5       50%         4


Dungeon Overview and Level Annotations

Branches:
Dungeon (3/15) Zot: 1450

Altars:


Innate Abilities, Weirdness & Mutations

You passively map a small area around you.
You are easily found by Zot.
You glow in the dark.
You regain HP and MP as you explore.


Message History

Aiming: Freeze (safe; 1% risk of failure)
Press: ? - help, Shift-Dir - straight line, f - hobgoblin
Aim: a hobgoblin, wielding a staff of cold You freeze the hobgoblin.
The hobgoblin resists.
The hobgoblin is heavily wounded.
The hobgoblin completely resists.
The wall freezes the hobgoblin but does no damage.
The hobgoblin hits you with a staff of cold.
* * * LOW HITPOINT WARNING * * *
Casting: Freeze (safe; 1% risk of failure)
Confirm with . or Enter, or press ? or * to list all spells.
Aiming: Freeze (safe; 1% risk of failure)
Press: ? - help, Shift-Dir - straight line, f/p - hobgoblin
Aim: a hobgoblin, wielding a staff of cold (moderately wounded)
You freeze the hobgoblin.
The hobgoblin resists.
The hobgoblin is severely wounded.
The goblin shoots a sling bullet.
The sling bullet misses you.
The hobgoblin resists.
The wall freezes the hobgoblin.
The hobgoblin barely misses you.
You aren't carrying any scrolls.
Casting: Freeze (safe; 1% risk of failure)
Confirm with . or Enter, or press ? or * to list all spells.
Aiming: Freeze (safe; 1% risk of failure)
Press: ? - help, Shift-Dir - straight line, f/p - hobgoblin
Aim: a hobgoblin, wielding a staff of cold (severely wounded)
Okay, then.
It was a potion of haste.
You feel yourself speed up.
The frozen ramparts melt away.
The goblin shoots a sling bullet.
The sling bullet closely misses you. The hobgoblin closely misses you.
It was a potion of berserk rage.
A red film seems to cover your vision as you go berserk!
You feel yourself moving faster!
You feel mighty!
The goblin shoots a sling bullet.
The sling bullet barely misses you.
You hit the hobgoblin.
The hobgoblin is almost dead.
The hobgoblin closely misses you.
The goblin shoots a sling bullet.
The sling bullet hits you.
* * * LOW HITPOINT WARNING * * *
The hobgoblin hits you with a staff of cold!
You die...

###.#
......PPPPP†.#......#
... ,
....##...<..####..###
##.
,....*#..........)....
* *
**###**#.........##....
* * #............... *
* #.<....####..### ,
###g.....# ##...# * * *
* * #........#######..
*
#.####@).#######.....##
#.....g#.# #.....o.#
##....##.# #....g....
.......###.# #.........
####... #.# #.........
#.... ,... ,.g.......$
#...# .# #.........
..:. #......... * .....
,


You could see a hobgoblin and a goblin.

Vanquished Creatures
  An adder (D:3)
  4 orcs (D:3)
  4 ball pythons
  A bat (D:2)
  A kobold (D:1)
  3 quokkas
  A frilled lizard (D:3)
  3 rats
18 creatures vanquished.

Vanquished Creatures (others)
  A fungus (D:3)
  2 toadstools (D:3)
3 creatures vanquished.

Grand Total: 21 creatures vanquished

Notes
Turn   | Place    | Note
-------+----------+-------------------------------------------
     0 | D:1      | hawla the Meteoran Ice Elementalist began the quest for the
                  | Orb.
     0 | D:1      | Reached XP level 1. HP: 14/14 MP: 5/5
    49 | D:2      | Reached XP level 2. HP: 19/20 MP: 3/6
   133 | D:3      | Reached XP level 3. HP: 26/26 MP: 2/8
   137 | D:3      | Learned a level 3 spell: Frozen Ramparts
   349 | D:3      | HP: 1/39 [goblin/sling bullet (5)]
   350 | D:3      | Mangled by a hobgoblin

Illustrated notes

Levels and vault maps discovered:
D:1:      nzn_arrival_settlement, layout_basic, serial_shops, shop
D:2:      layout_basic, basic_altar, chequers_ecumenical_altar_simple,
          uniq_robin
D:3:      layout_rooms, minmay_gold_behind_fungi, glass_columns_a, dk_vineyard_3

Skill      XL: |  1  2 |
---------------+-------+-----
Spellcasting   | 3 |  3.4
Dodging        | |  2.9
Stealth        | |  1.4
Ice Magic      | |  4.9

Action                   || total
-------------------------++-------
Melee: Unarmed           ||     7
 Cast: Freeze            ||    23
       Frozen Ramparts   ||     5
  Use: Potion            ||     2
Armor: Robe              ||     8
Dodge: Dodged            ||    24
